 Dungeon Crawl Stone Soup version 0.17-a0-2127-g1cb09f6 (webtiles) character file.

8073 SlimeFever the Covert (level 11, -1/76 HPs)
             Began as a Vampire Enchanter on Oct 22, 2015.
             Was a Priest of Dithmenos.
             Slain by brucemayne's ghost (3 damage)
             ... on level 10 of the Dungeon.
             The game lasted 01:34:55 (10223 turns).

SlimeFever the Covert (Vampire Enchanter)          Turns: 10223, Time: 01:34:55

Health: -1/76      AC:  6    Str: 12    XL:     11   Next: 5%
Magic:  4/20       EV: 19    Int: 19    God:    Dithmenos [***...]
Gold:   303        SH:  0    Dex: 17    Spells: 5 memorised, 10 levels left

rFire  . . .     SeeInvis +     a - +2 dagger (vamp)
rCold  . . .     Clarity  .     G - +1 robe {rN+}
rNeg   + . .     SustAt   +     (no shield)
rPois  .         Gourm    .     v - +0 helmet
rElec  .         Spirit   .     i - +0 cloak
rCorr  .         Warding  .     y - +0 pair of gloves
rMut   .         Stasis   .     (no boots)
MR     +....                    (no amulet)
Stlth  ++++++++..               u - +3 ring of evasion
                                k - ring of sustain attributes

@: mighty, regenerating very quickly, wreathed by umbra, somewhat resistant to
hostile enchantments, extraordinarily stealthy
A: fangs 3, see invisible, unbreathing
a: Shadow Step, Renounce Religion


You were on level 10 of the Dungeon.
You worshipped Dithmenos.
Dithmenos was most pleased with you.
You were almost alive.

You visited 2 branches of the dungeon, and saw 11 of its levels.

You collected 572 gold pieces.
You spent 269 gold pieces at shops.

Inventory:

Hand Weapons
 a - a +2 vampiric dagger (weapon)
 b - a +0 hunting sling
 o - a +1 dagger
 z - a +2 short sword of venom
 A - a +3 short sword of electrocution
Missiles
 j - 73 sling bullets
 n - 26 bolts
 p - 9 steel sling bullets
 r - 19 bolts of penetration
 B - 2 steel tomahawks (quivered)
Armour
 f - a +0 leather armour
 i - a +0 cloak (worn)
 v - a +0 helmet (worn)
 y - a +0 pair of gloves (worn)
 G - a +1 robe of positive energy (worn)
Jewellery
 g - an uncursed ring of invisibility
 k - a ring of sustain attributes (left hand)
 q - an uncursed ring of teleportation
 u - a +3 ring of evasion (right hand)
 x - an uncursed ring of see invisible
Scrolls
 d - a scroll of fog
 e - a scroll of identify
 l - 3 scrolls of remove curse
 s - 3 scrolls of teleportation
 D - a scroll of enchant weapon
 E - a scroll of amnesia
Potions
 m - 4 potions of curing
 t - 3 potions of flight
 w - a potion of lignification
 C - 2 potions of ambrosia
 F - a potion of brilliance
Books
 c - a book of Maledictions

   Spells                             Type                      Level
   a - Corona                         Hexes                        1
   b - Ensorcelled Hibernation        Hexes/Ice                    2
   c - Confuse                        Hexes                        3
   d - Tukima's Dance                 Hexes                        3
   e - Dazzling Spray                 Conjuration/Hexes            3


   Skills:
 + Level 3.8 Fighting
 * Level 8.3 Short Blades
 + Level 1.7(1.9) Slings
 + Level 0.7(1.3) Throwing
 + Level 3.5 Armour
 + Level 6.4 Dodging
 + Level 12.3 Stealth
 + Level 6.3 Spellcasting
 + Level 10.1 Hexes
 + Level 2.4 Ice Magic
 + Level 2.1 Evocations


You had 10 spell levels left.
You knew the following spells:

 Your Spells              Type           Power        Failure   Level  Hunger
a - Corona                Hex            #####..      1%          1    None
b - Ensorcelled Hibernat  Hex/Ice        ####..       1%          2    None
c - Tukima's Dance        Hex            #####...     1%          3    ##.....
d - Confuse               Hex            #####...     1%          3    ##.....
e - Dazzling Spray        Conj/Hex       ####....     4%          3    ##.....


Dungeon Overview and Level Annotations

Branches:
Dungeon (10/15)            Temple (1/1) D:6            Lair (0/8) D:8
    Orc (0/4) D:10

Altars:
Ashenzari
Cheibriados
Dithmenos
Elyvilon
Fedhas
Gozag
Kikubaaqudgha
Makhleb
Qazlal
Ru
Vehumet
Xom
Zin

Shops:
D:6 (   D:9 *

Annotations:
D:10 brucemayne's ghost, novice DsBe


Innate Abilities, Weirdness & Mutations

Your natural rate of healing is extremely fast.
You have razor-sharp teeth.
You have supernaturally acute eyesight.
You can survive without breathing.


Message History

Brucemayne's ghost misses you.
You completely miss brucemayne's ghost.
Brucemayne's ghost is heavily damaged.
You hit brucemayne's ghost.
Brucemayne's ghost is heavily damaged.
Brucemayne's ghost misses you.
You hit brucemayne's ghost but do no damage.
Brucemayne's ghost is heavily damaged.
Brucemayne's ghost hits you.
* * * LOW HITPOINT WARNING * * *
Brucemayne's ghost freezes you.
* * * LOW HITPOINT WARNING * * *
You closely miss brucemayne's ghost.
Brucemayne's ghost is heavily damaged.
You hit brucemayne's ghost but do no damage.
Brucemayne's ghost is heavily damaged.
Brucemayne's ghost hits you.
* * * LOW HITPOINT WARNING * * *
Brucemayne's ghost freezes you.
You die...

#.##.....................
#.##...###......)#..##..Y
#.##...# #.......#..##...
#.##...# #.....†.#..##.†.
#.##...# #.......#..##...
#.##...# #.......#..##Y..
#(##...# #.......#..##...
#.##...###.......#..##...
#.......@W..†............
#########################


You could see brucemayne's ghost.

Vanquished Creatures
  Erica (D:8)
  A hill giant (D:10)
  A two-headed ogre (D:8)
  A deep elf mage (D:10)
  7 yaks (D:10)
  Grum (D:8)
  2 wolves (D:8)
  2 basilisks (D:8)
  A hippogriff (D:9)
  A human (D:9)
  Edmund (D:6)
  A mottled dragon (D:10)
  A water moccasin (D:9)
  The ghost of tp1 the Conjurer, an amateur DECj (D:3)
  2 ice beasts
  A soldier ant (D:8)
  A porcupine (D:8)
  A necrophage (D:9)
  4 ogres
  An orc warrior (D:8)
  2 black bears (D:8)
  2 centaurs (D:5)
  2 crocodiles (D:9)
  6 big kobolds (D:8)
  3 giant frogs
  A gnoll sergeant (D:8)
  5 scorpions
  A wight (D:9)
  5 crimson imps
  A hound (D:9)
  2 orc priests
  2 jellies
  3 iguanas
  A centaur skeleton (D:9)
  3 giant frog skeletons
  5 orc wizards
  4 worker ants
  13 sheep
  2 worker ant zombies
  8 gnolls
  2 river rats (D:8)
  12 adders
  3 shadow imps
  4 oozes
  3 adder skeletons
  An adder zombie (D:8)
  4 worms
  7 giant geckos
  13 orcs
  5 bats
  8 giant cockroaches
  10 goblins
  7 hobgoblins (D:1)
  4 jackals (D:7)
  7 quokkas
  A ball python (D:3)
  2 giant gecko skeletons
  A giant gecko zombie (D:5)
  8 giant newts
  20 kobolds
  5 rats
230 creatures vanquished.

Vanquished Creatures (collateral kills)
  Joseph (D:8)
  An orc warrior (D:9)
  8 wights
  A crimson imp (D:7)
  An orc wizard (D:9)
  4 gnolls
  5 orcs
21 creatures vanquished.

Vanquished Creatures (others)
  2 bushes (D:8)
  8 plants (D:8)
10 creatures vanquished.

Grand Total: 261 creatures vanquished

Notes
Turn   | Place    | Note
--------------------------------------------------------------
     0 | D:1      | SlimeFever the Vampire Enchanter began the quest for the Orb.
     0 | D:1      | Reached XP level 1. HP: 13/13 MP: 3/3
   159 | D:1      | Reached XP level 2. HP: 8/19 MP: 5/5
   163 | D:1      | Learned a level 2 spell: Ensorcelled Hibernation
   654 | D:1      | Reached skill level 5 in Stealth
   900 | D:1      | Reached XP level 3. HP: 25/25 MP: 6/6
  1113 | D:2      | Reached skill level 5 in Hexes
  1244 | D:2      | Found a faded altar to an unknown god.
  1656 | D:2      | Reached XP level 4. HP: 31/31 MP: 7/7
  1816 | D:2      | Reached skill level 1 in Armour
  1912 | D:2      | Learned a level 3 spell: Tukima's Dance
  2150 | D:3      | Noticed tp1's ghost (amateur DECj)
  2198 | D:3      | Killed tp1's ghost
  2198 | D:3      | Reached skill level 1 in Fighting
  2198 | D:3      | Reached XP level 5. HP: 20/37 MP: 6/9
  3459 | D:4      | Reached skill level 6 in Stealth
  3459 | D:4      | Reached XP level 6. HP: 33/43 MP: 8/10
  3825 | D:4      | Reached skill level 1 in Ice Magic
  4074 | D:4      | Learned a level 3 spell: Confuse
  4099 | D:5      | Entered Level 5 of the Dungeon
  4174 | D:5      | Reached XP level 7. HP: 48/48 MP: 11/11
  4953 | D:5      | Reached skill level 7 in Stealth
  5056 | D:5      | Found a snail-covered altar of Cheibriados.
  5596 | D:6      | Found Cunof's Weapon Shop.
  5602 | D:6      | Found an opulent altar of Gozag.
  5631 | D:6      | Bought a +1 vampiric dagger for 143 gold pieces
  5638 | D:6      | Learned a level 3 spell: Dazzling Spray
  5656 | D:6      | Noticed Edmund
  5687 | D:6      | Killed Edmund
  5687 | D:6      | Reached skill level 1 in Evocations
  5687 | D:6      | Reached XP level 8. HP: 54/54 MP: 8/13
  5861 | D:6      | Found an opulent altar of Gozag.
  5926 | D:6      | Found a shattered altar of Ashenzari.
  5950 | D:6      | Reached skill level 8 in Stealth
  6095 | D:6      | Found a staircase to the Ecumenical Temple.
  6103 | Temple   | Entered the Ecumenical Temple
  6109 | Temple   | Became a worshipper of Dithmenos the Shadowed
  6441 | D:7      | Reached skill level 1 in Slings
  6888 | D:8      | Noticed Grum
  6901 | D:8      | Reached skill level 5 in Short Blades
  6934 | D:8      | Found a staircase to the Lair.
  7134 | D:8      | Noticed a two-headed ogre
  7168 | D:8      | Noticed Joseph
  7190 | D:8      | HP: 1/57 [gnoll sergeant/spear (10)]
  7195 | D:8      | Killed Joseph
  7195 | D:8      | Reached XP level 9. HP: 8/62 MP: 10/15
  7268 | D:8      | Reached * piety under Dithmenos
  7524 | D:8      | Killed Grum
  7613 | D:8      | Reached skill level 9 in Stealth
  7667 | D:8      | Found a glowing silver altar of Zin.
  7811 | D:8      | Noticed Erica
  7829 | D:8      | Killed Erica
  7829 | D:8      | Reached skill level 5 in Dodging
  7829 | D:8      | Reached skill level 10 in Stealth
  7829 | D:8      | Reached skill level 5 in Spellcasting
  8039 | D:8      | Reached XP level 10. HP: 66/70 MP: 12/17
  8060 | D:8      | Reached ** piety under Dithmenos
  8112 | D:8      | Killed a two-headed ogre
  8507 | D:9      | Found a shattered altar of Ashenzari.
  8518 | D:9      | Found a shimmering altar of Xom.
  8923 | D:9      | Found Peanike's General Store.
  8942 | D:9      | Reached *** piety under Dithmenos
  8942 | D:9      | Reached skill level 11 in Stealth
  8986 | D:9      | Bought a scroll of remove curse for 36 gold pieces
  8986 | D:9      | Bought a scroll of enchant weapon for 90 gold pieces
  9314 | D:9      | Found a sacrificial altar of Ru.
  9510 | D:10     | Entered Level 10 of the Dungeon
  9527 | D:10     | Found a staircase to the Orcish Mines.
  9785 | D:10     | Reached skill level 10 in Hexes
 10030 | D:10     | Noticed a hill giant
 10044 | D:10     | Killed a hill giant
 10123 | D:10     | Reached skill level 12 in Stealth
 10168 | D:10     | Reached XP level 11. HP: 54/75 MP: 6/20
 10194 | D:10     | Noticed brucemayne's ghost (novice DsBe)
 10223 | D:10     | HP: 2/76 [brucemayne's ghost (6)]
 10223 | D:10     | Slain by brucemayne's ghost

Vault maps used:
D:1:      dpeg_arrival_morbid_curiosity, grunt_decor_cap
D:2:      first_bread, ecumenical_altar_2, minivault_11
D:5:      lemuel_round_altar
D:6:      lemuel_crystal_altar, minmay_temple_entry_statues_pillars,
          serial_shops, shop, basic_altar, nicolae_ashenzari_panopticon,
          uniq_edmund
D:8:      minmay_lair_entry_grove, special_room, basic_altar, uniq_joseph,
          uniq_grum, uniq_erica
D:9:      grunt_temple_overflow_open, kennysheep_mini_moat, serial_shops,
          shop_fountains, grunt_livestock
D:10:     orc_0_dummy
Temple:   water_room_temple_a_12

Action                   |  1- 3 |  4- 6 |  7- 9 | 10-12 || total
-------------------------+-------+-------+-------+-------++-------
Melee: Dagger            |   134 |    10 |       |   311 ||   455
       Short sword       |       |    86 |   187 |    48 ||   321
 Fire: Hunting sling     |       |     5 |    15 |       ||    20
Throw: Tomahawk          |       |       |     3 |       ||     3
 Cast: Corona            |    13 |    15 |    11 |     5 ||    44
       Ensorcelled Hiber |     8 |    19 |    12 |    37 ||    76
       Tukima's Dance    |       |       |    10 |    13 ||    23
       Confuse           |       |       |     4 |     1 ||     5
 Abil: End Transformatio |       |       |     3 |       ||     3
       Bat Form          |       |       |     3 |       ||     3
       Evoke Invisibilit |       |       |     1 |       ||     1
Evoke: Wand              |       |       |    14 |       ||    14
  Use: Scroll            |     3 |    10 |     8 |     4 ||    25
       Potion            |       |       |     1 |     2 ||     3
 Stab: Sleeping          |    15 |    18 |    27 |    34 ||    94
       Confused          |       |       |     3 |       ||     3
       Distracted        |       |       |     2 |     1 ||     3
  Eat: Corpse            |     5 |     6 |    15 |    14 ||    40
